 Dungeon Crawl Stone Soup version 0.32-a0-928-g1cae6b7ea0 (webtiles) character file.

Game seed: 9278711556707940864

35 PriceMaster the Sneak (level 3, -3/22 HPs)
             Began as an Octopode Hedge Wizard on Apr 12, 2024.
             Killed from afar by Sigmund (8 damage)
             ... with a puff of flame
             ... on level 2 of the Dungeon.
             The game lasted 00:01:46 (1518 turns).

PriceMaster the Sneak (Octopode Hedge Wizard)       Turns: 1518, Time: 00:01:47

Health: -3/22      AC:  1    Str:  9    XL:     3   Next: 35%
Magic:  2/7        EV: 12    Int: 18    God:
Gold:   66         SH:  0    Dex: 11    Spells: 6/8 levels left

rFire   . . .        h - +2 dagger (venom)
rCold   . . .        (no shield)
rNeg    + + .        b - +0 hat
rPois   .            (no amulet)
rElec   .            e - ring of positive energy
rCorr   .            m - ring of positive energy
SInv    .            (no ring)
Will    .....        (no ring)
Stlth   +++          (no ring)
HPRegen 0.23/turn    (no ring)
MPRegen 0.10/turn    (no ring)
                     (no ring)

%: no passive effects
@: no status effects
A: almost no armour, amphibious, 8 rings, camouflage 1, gelatinous body 1,
(nimble swimmer 1), tentacles
a: no special abilities


You were on level 2 of the Dungeon.
You visited 1 branch of the dungeon, and saw 2 of its levels.

You collected 66 gold pieces.

Inventory:

Hand Weapons
 a - a +0 dagger
 h - a +2 dagger of venom (weapon)
Armour
 b - a +0 hat (worn)
Jewellery
 e - a ring of positive energy (left tentacle)
 m - a ring of positive energy (right tentacle)
Scrolls
 d - a scroll of enchant weapon {unknown}
 g - a scroll of fear {unknown}
 j - a scroll of identify {unknown}
 l - a scroll of revelation {unknown}
 n - 3 scrolls of blinking {unknown}
 o - a scroll of summoning {unknown}
Potions
 f - 2 potions of curing
 i - 2 potions of lignification {unknown}
 k - 2 potions of might {unknown}
 p - a potion of heal wounds {unknown}


   Skills:
 * Level 0.7 Fighting
 + Level 2.1 Dodging
 * Level 4.0 Stealth
 + Level 3.3 Spellcasting
 * Level 1.2 Conjurations
 + Level 1.0 Summonings
 + Level 1.0 Translocations


You had 6 spell levels left.
You knew the following spells:

 Your Spells              Type           Power      Damage    Failure   Level
a - Magic Dart            Conj           28%        1d4       10%         1
b - Foxfire               Conj/Fire      20%        2x1d5     12%         1

Your spell library contained the following spells:

 Spells                   Type           Power      Damage    Failure   Level
 Slow                     Hex            12%        N/A       16%         1
 Blink                    Tloc           12%        N/A       16%         2
 Call Imp                 Summ           12%        N/A       16%         2
 Cigotuvi's Dreadful Rot  Necr/Alch/Air  6%         N/A       24%         2
 Mephitic Cloud           Conj/Alch/Air  4%         N/A       38%         3
 Plasma Beam              Fire/Air       1%         2x1d11    100%        6
 Starburst                Conj/Fire      2%         6d3       100%        6


Dungeon Overview and Level Annotations

Branches:
Dungeon (2/15)

Altars:

Annotations:
D:2 Sigmund


Innate Abilities, Weirdness & Mutations

You cannot wear most types of armour.
You are amphibious.
You can wear up to eight rings at the same time.
Your skin changes colour to match your surroundings (Stealth+).
Your rubbery body absorbs attacks. (AC +1, EV +1)
((You are camouflaged when in or above water. (Stealth+)))
You have tentacles for arms and can constrict up to eight enemies at once.


Message History

A magic dart appears from out of thin air!
The magic dart hits you.
* * * LOW HITPOINT WARNING * * *
You feel better.
Casting: Foxfire (safe; 12% risk of failure)
Confirm with . or Enter, or press ? or * to list all spells.
You don't have enough magic to cast this spell.
Unknown command.
Magic courses through your body. Something hits you.
Casting: Foxfire (safe; 12% risk of failure)
Confirm with . or Enter, or press ? or * to list all spells.
You conjure some foxfire!
Casting: Foxfire (safe; 12% risk of failure)
Confirm with . or Enter, or press ? or * to list all spells.
You conjure some foxfire!
The foxfire hits something.
The foxfire hits something but does no damage.
Something barely misses you.
Casting: Foxfire (safe; 12% risk of failure)
Confirm with . or Enter, or press ? or * to list all spells.
You conjure some foxfire!
The foxfire hits something.
The foxfire hits something but does no damage.
Something barely misses you.
Casting: Foxfire (safe; 12% risk of failure)
Confirm with . or Enter, or press ? or * to list all spells.
You conjure some foxfire!
The foxfire hits something. x2
Casting: Foxfire (safe; 12% risk of failure)
Confirm with . or Enter, or press ? or * to list all spells.
You conjure some foxfire!
The foxfire hits something.
The foxfire hits something but does no damage.
Something hits you!
* * * LOW HITPOINT WARNING * * *
Casting: Foxfire (safe; 12% risk of failure)
Confirm with . or Enter, or press ? or * to list all spells.
You conjure some foxfire!
The foxfire hits something but does no damage.
The foxfire hits something.
You hear some strange, mumbled words.
A puff of flame appears from out of thin air!
The puff of flame hits you!
You die...

#########.#......#.......
............#.######.##..#.
............#.# #.##.##.
............#.# #.#.....
............#.# #.####..
............#.# #.......
............#.# #####..#
...?.....v§§..# #......
.......){.@#### #.##...
.........v.# ######......
...........# #.......#.##
...........# #.#####.#.##
####+###+### #<#.## #.# #.# ###
# #.#.## #.# #.# #.##.# #.....
#.# #.# #... ####.#
########.###.####.###########.#


There were no monsters in sight!

Vanquished Creatures
  4 ball pythons
  An endoplasm (D:1)
  A giant cockroach (D:1)
  4 goblins (D:1)
  3 hobgoblins
  3 quokkas
  5 bats
  2 frilled lizards
  4 kobolds
  6 rats
33 creatures vanquished.

Vanquished Creatures (others)
  46 foxfires
46 creatures vanquished.

Grand Total: 79 creatures vanquished

Notes
Turn   | Place    | Note
-------+----------+-------------------------------------------
     0 | D:1      | PriceMaster the Octopode Hedge Wizard began the quest for
                  | the Orb.
     0 | D:1      | Reached XP level 1. HP: 11/11 MP: 4/4
   260 | D:1      | Reached XP level 2. HP: 18/18 MP: 6/6
   265 | D:1      | Reached skill level 3 in Stealth
   556 | D:1      | Learned a level 1 spell: Foxfire
   966 | D:2      | Reached XP level 3. HP: 22/22 MP: 5/7
  1279 | D:2      | Reached skill level 4 in Stealth
  1495 | D:2      | Noticed Sigmund
  1518 | D:2      | Killed from afar by Sigmund

Illustrated notes

Levels and vault maps discovered:
D:1:      dpeg_arrival_subterranean_lakeside_camping, layout_loops_ring
D:2:      layout_basic, st_stairs_9, uniq_sigmund

Skill      XL: |  1  2  3 |
---------------+----------+-----
Stealth        | 3 4 |  4.0
Fighting       | |  0.7
Dodging        | |  2.1
Spellcasting   | |  3.3
Conjurations   | |  1.2
Summonings     | |  1.0
Translocations | |  1.0

Action                     || total
---------------------------++-------
  Melee: Dagger            ||    36
         Constrict         ||     9
         Tentacles         ||     4
   Cast: Magic Dart        ||    17
         Foxfire           ||    25
    Use: Potion            ||     3
   Stab: Sleeping          ||     7
 Armour: Skin              ||    27
  Dodge: Dodged            ||    33

Table legend: (Time is in decaauts)
 A = Elapsed time spent in this place.
 B = Non-inter-level travel time spent in this place.
 C = Inter-level travel time spent in this place.
 D = Time resting spent in this place.
 E = Time spent auto-exploring this place.
 F = Levels seen in this place.
 G = Mean time per level.
                   A        B        C        D        E       F      G
               +--------+--------+--------+--------+--------+-----+--------+
         Total |   1516 |   1482 |     34 |      0 |   1257 |   2 |  758.0 |
       Dungeon |   1516 |   1482 |     34 |      0 |   1257 |   2 |  758.0 |
               +--------+--------+--------+--------+--------+-----+--------+

Top non-repeatable levels by time:
     D:1: 907 daAuts
     D:2: 608 daAuts
